Map: Lerilak Crest

Players

PizzaLisK - Winner!

  • Race: Zerg Zerg
  • League: Diamond

LilDicky

  • Race: Terran Terran
  • League: Diamond

VOD

http://www.twitch.tv/tumescentpie

Description

Time

  • Played on: Dec. 27, 2015, 12:04 a.m.
  • Length: 5:13
Show
View Real Time Build Order
Export as new Build Order

PizzaLisK Zerg - Winner!

Build Orders: Hatch First 

Get SALT Encoding   

  12  0:01  Drone  
  13  0:08  Drone  
  14  0:17  Overlord  
  14  0:29  Drone, Extractor x2  
  14  0:30  Drone  
  16  0:37  Drone  
  17  0:55  Hatchery  
  17  0:56  Drone  
  17  1:01  Drone  
  18  1:14  Spawning Pool  
  18  1:17  Drone  
  18  1:30  Drone  
  18  1:31  Drone  
  20  1:50  Hatchery  
  20  1:52  Drone x2  
  21  2:03  Zergling x2  
  21  2:06  Queen  
  24  2:09  Queen  
  26  2:17  Zergling x4  
  28  2:29  Extractor  
  27  2:40  Drone, Overlord  
  28  2:58  Queen  
  28  3:05  Drone x5  
  34  3:06  Drone  
  36  3:20  Extractor  
  34  3:29  Drone x5  
  38  3:34  Roach Warren  
  38  3:35  Drone x2  
  39  3:46  Drone  
  40  3:49  Metabolic Boost  
  40  3:52  Zergling x2  
  40  3:53  Overlord x3  
  41  3:57  Overlord  
  41  4:09  Zergling x2  
  42  4:10  Queen  
  42  4:14  Roach x4  
  52  4:23  Drone x3  
  55  4:25  Roach x2  
  55  4:28  Roach  
  55  4:29  Roach  
  64  4:31  Drone  
  64  4:41  Drone x2  
  64  4:42  Drone, Extractor  
  64  4:44  Drone  
Show
View Real Time Build Order
Export as new Build Order

LilDicky Terran 

Build Orders:  

Get SALT Encoding   

  12  0:01  SCV  
  13  0:13  SCV  
  14  0:18  Supply Depot  
  14  0:26  SCV  
  15  0:40  SCV  
  16  0:44  Barracks  
  16  0:52  SCV  
  17  1:04  SCV  
  18  1:16  SCV  
  19  1:28  SCV  
  20  1:33  Supply Depot  
  20  1:45  Marine  
  21  1:47  Orbital Command  
  21  1:53  Command Center  
  21  2:04  Marine  
  22  2:15  SCV  
  22  2:18  Command Center  
  23  2:31  Marine  
  24  2:40  Command Center  
  24  2:48  Marine  
  25  3:06  Marine  
  25  3:09  Orbital Command  
  26  3:18  Command Center, SCV  
  27  3:26  Barracks  
  27  3:27  Marine  
  28  3:36  Barracks, Orbital Command  
  28  3:44  Marine  
  29  3:51  SCV  
  29  3:53  Orbital Command  
  30  3:56  Barracks  
  30  4:02  Marine  
  31  4:08  Orbital Command  
  31  4:16  SCV  
  32  4:22  Supply Depot  
  32  4:23  Supply Depot  
  32  4:24  Supply Depot  
  32  4:25  SCV  
  33  4:36  Marine  
  33  4:37  Marine x2  
  36  4:40  SCV  
  36  4:44  Orbital Command  
  37  4:50  SCV, Marine  
  37  4:51  SCV  
  40  4:54  Marine x2  
  42  5:00  Barracks  
  42  5:11  Supply Depot  
Tags
 
Add a new tag
Caveats
  • Supply blocks, unpowered buildings, or Contaminate may cause inaccurate times.
  • Supply counts are checked every 10 seconds.